 Dungeon Crawl Stone Soup version 0.17.2 (webtiles) character file.

11814 mrath the Basher (level 11, 0/101 HPs)
             Began as a Minotaur Fighter on May 24, 2016.
             Was a High Priest of Okawaru.
             Slain by a starcursed mass (8 damage)
             ... on level 1 of the Abyss.
             The game lasted 01:10:41 (13336 turns).

mrath the Basher (Minotaur Fighter)                Turns: 13336, Time: 01:10:42

Health: 0/101      AC: 15    Str: 27    XL:     11   Next: 54%
Magic:  14/14      EV:  9    Int:  5    God:    Okawaru [*****.]
Gold:   787        SH: 12    Dex: 14    Spells: 0 memorised, 10 levels left

rFire  . . .     SeeInvis .     m - +2 flail (venom)
rCold  . . .     Clarity  .     O - +0 plate armour
rNeg   . . .     SustAt   .     c - +0 shield
rPois  .         Gourm    .     (helmet restricted)
rElec  .         Spirit   .     G - +0 cloak
rCorr  .         Warding  .     (no gloves)
rMut   .         Stasis   .     (no boots)
MR     .....                    (no amulet)
Stlth  ..........               n - +3 ring of dexterity
                                H - +4 ring of strength

@: not resistant to hostile enchantments, extremely unstealthy
A: retaliatory headbutt, horns 2
a: Heroism, Finesse, Renounce Religion


You were on level 1 of the Abyss.
You worshipped Okawaru.
Okawaru was extremely pleased with you.
You were not hungry.

You visited 2 branches of the dungeon, and saw 12 of its levels.
You visited the Abyss 1 time.
You also visited: Sewer.

You collected 826 gold pieces.
You spent 39 gold pieces at shops.

Inventory:

Hand Weapons
 e - a +0 hunting sling
 m - a +2 flail of venom (weapon)
 u - a +0 flail of protection
 I - the +1 hand axe "Hib Moe" {chop, rPois Str+4 SInv}
   (You found it on level 4 of the Dungeon)

   It inflicts extra damage upon your enemies.
   It affects your strength (+4).
   It protects you from poison.
   It lets you see invisible.
 J - the +2 mace of Oozing Pus {drain, *Rage rN+ Str+6 Stlth+}
   (You found it on level 4 of the Dungeon)

   A truly terrible weapon, it drains the life of those it strikes.
   It affects your strength (+6).
   It protects you from negative energy.
   It may make you go berserk in combat.
   It makes you more stealthy.
Missiles
 t - 5 exploding tomahawks
 z - 7 steel javelins
 K - 2 javelins
 M - 14 tomahawks (quivered)
 P - 36 sling bullets
Armour
 c - a +0 shield (worn)
 G - a +0 cloak (worn)
 O - a +0 plate armour (worn)
Magical Staves
 N - an uncursed staff of air {unknown}
Jewellery
 f - an uncursed ring of ice
 n - a +3 ring of dexterity (right hand)
 r - an uncursed ring of fire
 H - a +4 ring of strength (left hand)
 L - an uncursed amulet of the gourmand {unknown}
Wands
 a - a wand of disintegration (10)
 k - a wand of teleportation (5)
 q - a wand of enslavement (8)
 y - a wand of hasting (5)
 S - a wand of lightning (7)
 U - a wand of frost (27)
Scrolls
 b - 2 scrolls of fear
 h - a scroll of summoning {unknown}
 j - 5 scrolls of identify
 p - 2 scrolls of recharging
 v - 6 scrolls of remove curse
 w - 7 scrolls of teleportation
 x - 6 scrolls of fog
 A - a scroll of magic mapping {unknown}
 E - a scroll of silence {unknown}
Potions
 o - a potion of heal wounds
 s - 3 potions of haste
 B - a potion of might
 C - 5 potions of curing
 D - a potion of invisibility
 F - a potion of magic {unknown}
Books
 i - a book of Frost

   Spells                             Type                      Level
   a - Freeze                         Ice                          1
   b - Throw Frost                    Conjuration/Ice              2
   c - Ozocubu's Armour               Charms/Ice                   3
   d - Throw Icicle                   Conjuration/Ice              4
   e - Summon Ice Beast               Ice/Summoning                4
   f - Condensation Shield            Ice                          4
Comestibles
 d - 2 bread rations
 g - 5 beef jerkies
 l - 2 meat rations
 V - 6 slices of pizza


   Skills:
 + Level 10.5 Fighting
 + Level 12.2 Maces & Flails
 + Level 8.1 Armour
 + Level 6.4 Dodging
 + Level 8.3 Shields
 + Level 4.2 Invocations
 + Level 5.6 Evocations


You had 10 spell levels left.
You didn't know any spells.

Dungeon Overview and Level Annotations

Branches:
Dungeon (11/15)            Temple (1/1) D:4            Lair (0/8) D:11
    Orc (0/4) D:9

Altars:
Ashenzari
Cheibriados
Dithmenos
Elyvilon
Fedhas
Gozag
Kikubaaqudgha
Makhleb
Nemelex Xobeh
Okawaru
Qazlal
Ru
Sif Muna
Trog
Vehumet
Xom
Yredelemnul
Zin
The Shining One

Shops:
D:6 *   D:8 [}?==   D:9 }(=!=


Innate Abilities, Weirdness & Mutations

You reflexively headbutt those who attack you in melee.
You have a pair of horns on your head.


Message History

* * * LOW HITPOINT WARNING * * *
A starcursed mass splits.
A deafening chorus of shrieks assaults your mind!
* * * LOW HITPOINT WARNING * * *
You suddenly lose the ability to move!
You can move again.
You hit the starcursed mass but do no damage.
The starcursed mass is lightly damaged.
A starcursed mass splits.
You hit the starcursed mass but do no damage.
You headbutt the starcursed mass, but do no damage.
The starcursed mass is lightly damaged.
A starcursed mass splits.
You hit the starcursed mass.
The starcursed mass is heavily damaged.
The starcursed mass shudders and is absorbed by its neighbour.
The starcursed mass engulfs you.
* * * LOW HITPOINT WARNING * * *
The starcursed mass engulfs you!
You die...

..#[.#..#. #
.....#... .
## #........
.#.
#....#.......
........#..#.
............
# # .
#...≈...#.# .
. .##...### #
. ##.X@.#
.... #.#XX# #
##.
#.#.X##...
##.#X# ...#
..##X# .. ..
# .# X(##...#
. .... ##..#.
.# . .##
#.##. .# ###
#.## ..#... .


You could see 7 starcursed masses.

Vanquished Creatures
  Erica (D:9)
  A death yak (D:10)
  A hill giant (D:10)
  Pikel (D:9)
  A shining eye (Abyss:1)
  A cyclops (D:11)
  An ugly thing (D:7)
  2 naga magi (D:11)
  A centaur skeleton (D:10)
  A kobold demonologist (D:11)
  The ghost of DEFE the Ducker, a novice DEFi (D:5)
  Sigmund (D:2)
  A deep elf mage (D:11)
  8 yaks
  2 hippogriffs
  A human (D:7)
  A porcupine (D:11)
  4 sky beasts
  An eye of draining (D:3)
  Purgy (D:3)
  7 orc warriors
  2 phantoms
  An ice beast (D:8)
  2 ogres
  A big kobold (D:8)
  3 centaurs
  5 giant frogs
  A water moccasin zombie (D:7)
  2 scorpions
  A water moccasin skeleton (D:7)
  2 wyvern skeletons (D:8)
  3 wights (D:7)
  11 killer bees
  2 electric eels
  10 crimson imps
  6 hounds
  6 orc priests
  8 orc wizards
  2 jellies
  2 wasp zombies
  Crazy Yiuf (D:3)
  Ijyb (D:2)
  2 iguanas (D:8)
  Jessica (D:3)
  Natasha (thrice) (D:1)
  4 worker ants
  A killer bee zombie (D:5)
  A hell rat (D:11)
  7 sheep
  A hound zombie (D:5)
  7 gnolls
  12 adders
  A shadow imp (D:6)
  A white imp (D:11)
  2 oozes
  An adder skeleton (D:7)
  9 giant geckos
  34 orcs
  6 ball pythons
  7 giant cockroaches
  14 goblins
  9 hobgoblins
  17 jackals
  22 kobolds
  5 quokkas
  13 bats
  A giant gecko zombie (D:8)
  6 giant newts
  A jackal skeleton (D:7)
  A quokka skeleton (D:8)
  10 rats
  A plant (Sewer)
311 creatures vanquished.

Vanquished Creatures (others)
  A worker ant (D:9)
  3 plants
4 creatures vanquished.

Grand Total: 315 creatures vanquished

Notes
Turn   | Place    | Note
--------------------------------------------------------------
     0 | D:1      | mrath the Minotaur Fighter began the quest for the Orb.
     0 | D:1      | Reached XP level 1. HP: 19/19 MP: 0/0
   126 | D:1      | Reached XP level 2. HP: 26/26 MP: 1/1
   466 | D:1      | Reached skill level 4 in Maces & Flails
   663 | D:1      | Reached XP level 3. HP: 28/31 MP: 2/2
  1112 | D:2      | Noticed Natasha
  1146 | D:1      | Killed Natasha
  1146 | D:1      | Reached skill level 5 in Maces & Flails
  1146 | D:1      | Reached XP level 4. HP: 12/39 MP: 3/3
  1205 | D:1      | Noticed Natasha
  1210 | D:1      | Killed Natasha
  1464 | D:1      | Noticed Natasha
  1477 | D:1      | Killed Natasha
  1534 | D:2      | Noticed Sigmund
  1979 | D:2      | Killed Sigmund
  1979 | D:2      | Reached skill level 7 in Maces & Flails
  1979 | D:2      | Reached XP level 5. HP: 25/45 MP: 4/4
  2290 | D:2      | Reached XP level 6. HP: 49/51 MP: 5/5
  2332 | D:2      | Noticed Ijyb
  2344 | D:2      | Killed Ijyb
  2383 | D:2      | Reached skill level 8 in Maces & Flails
  2523 | D:3      | Found a bloodstained altar of Trog.
  2599 | D:3      | Noticed Jessica
  2606 | D:3      | Killed Jessica
  2611 | D:3      | Reached skill level 9 in Maces & Flails
  2693 | D:3      | Noticed Purgy
  2708 | D:3      | Killed Purgy
  2708 | D:3      | Reached XP level 7. HP: 51/57 MP: 6/6
  2953 | D:3      | Found a glowing drain.
  2962 | Sewer    | Entered a sewer
  3880 | D:3      | Noticed Crazy Yiuf
  3888 | D:3      | Killed Crazy Yiuf
  3888 | D:3      | Reached skill level 10 in Maces & Flails
  4054 | D:4      | Found a white marble altar of Elyvilon.
  4477 | D:4      | Found a staircase to the Ecumenical Temple.
  4483 | Temple   | Entered the Ecumenical Temple
  4687 | D:4      | Reached skill level 1 in Dodging
  4706 | D:4      | Found an iron altar of Okawaru.
  4712 | D:4      | Became a worshipper of Warmaster Okawaru
  4714 | D:4      | Got a dazzling hand axe
  4717 | D:4      | Got a smoking mace
  4719 | D:4      | Identified the +2 mace of Oozing Pus {drain, *Rage rN+ Str+6 Stlth+} (You found it on level 4 of the Dungeon)
  5017 | D:4      | Found a glowing silver altar of Zin.
  5103 | D:5      | Entered Level 5 of the Dungeon
  5112 | D:5      | Found a snail-covered altar of Cheibriados.
  5245 | D:5      | Reached skill level 1 in Evocations
  5245 | D:5      | Reached XP level 8. HP: 67/67 MP: 7/7
  5406 | D:5      | Noticed DEFE's ghost (novice DEFi)
  5433 | D:5      | Killed DEFE's ghost
  5433 | D:5      | Reached skill level 5 in Fighting
  6039 | D:5      | Found a sacrificial altar of Ru.
  6039 | D:5      | Found a basalt altar of Yredelemnul.
  6135 | Temple   | Identified the +1 hand axe "Hib Moe" {chop, rPois Str+4 SInv} (You found it on level 4 of the Dungeon)
  6331 | D:6      | Found Gunauwex's General Store.
  6345 | D:6      | Reached * piety under Okawaru
  6345 | D:6      | Reached skill level 5 in Armour
  6346 | D:6      | Reached skill level 5 in Shields
  6848 | D:6      | Found a stormy altar of Qazlal.
  6886 | D:6      | Reached XP level 9. HP: 5/78 MP: 6/10
  7384 | D:7      | Reached skill level 11 in Maces & Flails
  7689 | D:7      | Noticed a green ugly thing
  7696 | D:7      | Killed a green ugly thing
  7696 | D:7      | Reached ** piety under Okawaru
  7760 | D:7      | Found a sparkling altar of Nemelex Xobeh.
  8524 | D:8      | Found Weophahi's Jewellery Shoppe.
  8787 | D:8      | Found Teghul's Jewellery Shop.
  8841 | D:8      | Found Neklounk's Magic Scroll Boutique.
  8998 | D:8      | Reached skill level 1 in Invocations
  9006 | D:8      | Reached *** piety under Okawaru
  9017 | D:8      | Found Suer's Antique Armour Shoppe.
  9041 | D:8      | Found Ruid's Gadget Shoppe.
  9050 | D:8      | Reached XP level 10. HP: 51/90 MP: 11/11
  9563 | D:9      | Found Zyvauxt's Jewellery Shop.
  9641 | D:9      | Found Lupeqis's Distillery.
  9651 | D:9      | Bought a potion of curing for 39 gold pieces
  9654 | D:9      | Found a shimmering altar of Xom.
  9654 | D:9      | Found a shimmering altar of Xom.
  9654 | D:9      | Found a shimmering altar of Xom.
  9655 | D:9      | Found a shimmering altar of Xom.
  9656 | D:9      | Found a shimmering altar of Xom.
  9657 | D:9      | Found a shimmering altar of Xom.
  9657 | D:9      | Found a shimmering altar of Xom.
  9661 | D:9      | Found Suim's Weapon Shoppe.
  9690 | D:9      | Noticed Pikel
  9697 | D:9      | Killed Pikel
  9697 | D:9      | Reached **** piety under Okawaru
  9775 | D:9      | Found Biruc's Jewellery Boutique.
  9821 | D:9      | Noticed Erica
  9831 | D:9      | Killed Erica
  9831 | D:9      | Reached skill level 5 in Dodging
  9861 | D:9      | Found a staircase to the Orcish Mines.
  9891 | D:9      | Found a deep blue altar of Sif Muna.
  9893 | D:9      | Found a radiant altar of Vehumet.
  9893 | D:9      | Found an ancient bone altar of Kikubaaqudgha.
  9898 | D:9      | Identified Sif Muna's Compendium of the Escort
  9905 | D:9      | Identified Vehumet's Guide on Attacks
  9914 | D:9      | Identified Kikubaaqudgha's Catalogue of Stolen Souls
 10057 | D:9      | Found Gis Pyax's Gadget Boutique.
 10126 | D:9      | Found a shimmering altar of Xom.
 10720 | D:10     | Entered Level 10 of the Dungeon
 10748 | D:10     | Noticed a hill giant
 10757 | D:10     | Killed a hill giant
 11043 | D:10     | Reached ***** piety under Okawaru
 11385 | D:11     | Noticed a death yak
 11393 | D:10     | Received a gift from Okawaru
 11475 | D:10     | Killed a death yak
 11479 | D:10     | Reached skill level 5 in Evocations
 11522 | D:11     | Reached skill level 10 in Fighting
 11527 | D:11     | Reached XP level 11. HP: 95/99 MP: 13/13
 11542 | D:11     | Found a staircase to the Lair.
 12027 | D:11     | Noticed a soul eater
 12279 | D:11     | Reached skill level 12 in Maces & Flails
 13227 | D:11     | Noticed a vampire mage
 13238 | D:11     | Found a deep blue altar of Sif Muna.
 13238 | D:11     | Noticed a deep elf sorcerer
 13253 | D:11     | Noticed a vampire mage
 13253 | D:11     | HP: 4/101 [red devil/trident[a deep elf sorcerer] (10)]
 13260 | D:11     | Noticed a deep elf sorcerer
 13264 | D:11     | Cast into the Abyss (a deep elf sorcerer)
 13307 | Abyss:1  | Noticed a starcursed mass
 13333 | Abyss:1  | Paralysed by accursed screaming for 1 turns
 13336 | Abyss:1  | Slain by a starcursed mass

Action                   |  1- 3 |  4- 6 |  7- 9 | 10-12 || total
-------------------------+-------+-------+-------+-------++-------
Melee: Flail             |    82 |   111 |   163 |   198 ||   554
       Mace              |       |       |   188 |    77 ||   265
       Hand axe          |       |       |    44 |       ||    44
Throw: Stone             |     3 |     6 |     4 |       ||    13
       Tomahawk          |       |       |    15 |    41 ||    56
Invok: Heroism           |       |       |     2 |     8 ||    10
       Finesse           |       |       |       |     3 ||     3
  Use: Potion            |       |     1 |       |     4 ||     5
       Scroll            |       |       |     7 |     3 ||    10
  Eat: Chunk             |       |     6 |    21 |    17 ||    44
       Pizza             |       |       |     1 |     1 ||     2
       Royal jelly       |       |       |     1 |       ||     1
